 Dungeon Crawl Stone Soup version 0.29.1-15-g9cfb28693d (webtiles) character file.

Game seed: 4755548636120794574

2 dobroeutro the Shield-Bearer (level 1, 0/14 HPs)
             Began as a Gargoyle Fighter on Apr 22, 2023.
             Constricted to death by a ball python (1 damage)
             ... on level 1 of the Dungeon.
             The game lasted 00:00:15 (241 turns).

dobroeutro the Shield-Bearer (Gargoyle Fighter)      Turns: 241, Time: 00:00:16

Health: 0/14       AC:  9    Str: 19    XL:     1   Next: 30%
Magic:  1/1        EV:  6    Int:  8    God:
Gold:   10         SH:  4    Dex:  9    Spells: 0/0 levels left

rFire   . . .      SeeInvis .   a - +0 flail
rCold   . . .      Faith    .   c - +0 buckler
rNeg    + . .      Spirit   .   b - +0 scale mail
rPois   ∞          Reflect  .   (no helmet)
rElec   +          Harm     .   (no cloak)
rCorr   .          Rampage  .   (no gloves)
Will    .....                   (no boots)
Stlth   ..........              (no amulet)
HPRegen 0.04/turn               (no ring)
MPRegen 0.07/turn               (no ring)

@: constricted
A: sickness immunity, AC +2, negative energy resistance 1, electricity
resistance, torment resistance 1, petrification resistance
a: no special abilities


You were on level 1 of the Dungeon.
You visited 1 branch of the dungeon, and saw 1 of its levels.

You collected 10 gold pieces.

Inventory:

Hand Weapons
 a - a +0 flail (weapon)
Armour
 b - a +0 scale mail (worn)
 c - a +0 buckler (worn)
Potions
 d - a potion of might


   Skills:
 - Level 3.2 Fighting
 + Level 2.2 Maces & Flails
 - Level 3.2 Armour
 - Level 3.2 Shields


You couldn't memorise any spells.
You didn't know any spells.
Your spell library was empty.

Dungeon Overview and Level Annotations

Branches:
Dungeon (1/15)

Altars:


Innate Abilities, Weirdness & Mutations

You are immune to sickness and miasma.
Your stone body is resilient. (AC +2)
You are immune to poison.
You resist negative energy. (rN+)
You are resistant to electric shocks. (rElec)
You are resistant to unholy torment.
You are immune to petrification.


Message History

The ball python grabs you. The ball python constricts you.
The ball python bites you. The ball python constricts you.
You barely miss the ball python.
The ball python bites you but does no damage.
The ball python constricts you.
You hit the ball python but do no damage.
The ball python bites you. The ball python constricts you.
You block the ball python's attack. The ball python constricts you.
You barely miss the ball python. You block the ball python's attack.
The ball python constricts you. The ball python barely misses you.
The ball python constricts you.
You are too injured to fight recklessly!
You are too injured to fight recklessly!
You are too injured to fight recklessly!
You are too injured to fight recklessly!
You are too injured to fight recklessly!
You are too injured to fight recklessly!
You are too injured to fight recklessly!
You are too injured to fight recklessly!
You are too injured to fight recklessly!
You are too injured to fight recklessly!
You are too injured to fight recklessly!
You are too injured to fight recklessly!
You are too injured to fight recklessly!
You are too injured to fight recklessly!
You are too injured to fight recklessly!
You are too injured to fight recklessly!
You barely miss the ball python.
The ball python bites you but does no damage.
The ball python constricts you.
You closely miss the ball python. The ball python bites you.
* * * LOW HITPOINT WARNING * * *
The ball python constricts you. The ball python bites you.
* * * LOW HITPOINT WARNING * * *
The ball python constricts you.
* * * LOW HITPOINT WARNING * * *
You closely miss the ball python.
The ball python bites you but does no damage.
The ball python constricts you.
You die...

.#.# ##.# .. #.#
#. ##.### #.
.....# #.## ####.#
..# #.# # #.# #
###.# #.##†###.#
#...# #....)@S.#
##.### ####.#####
#..### ##.#.#
.....#######...##
............#...#
.....#.###.##....#
.....#.#
##.###...#
.......#
##.###...#
##.##### ##.#
#....


You could see a ball python.

Vanquished Creatures
  A bat (D:1)
  2 kobolds (D:1)
3 creatures vanquished.

Vanquished Creatures (others)
  3 plants (D:1)
3 creatures vanquished.

Grand Total: 6 creatures vanquished

Notes
Turn   | Place    | Note
-------+----------+-------------------------------------------
     0 | D:1      | dobroeutro the Gargoyle Fighter began the quest for the
                  | Orb.
     0 | D:1      | Reached XP level 1. HP: 14/14 MP: 1/1
   212 | D:1      | Found a faded altar of an unknown god.
   241 | D:1      | Constricted to death by a ball python

Illustrated notes

Levels and vault maps discovered:
D:1:      denvon_arrival_planthouse, layout_loops_corners,
          hellmonk_ecumenical_altar_crossroads, minmay_octomino_e4

Action                   || total
-------------------------++-------
Melee: Flail             ||    18
Armor: Scale mail        ||    11
Dodge: Dodged            ||     8
Block: Buckler           ||     5
